 Dungeon Crawl Stone Soup version 0.30-a0-359-gd0147acb1a (webtiles) character file.

Game seed: 7453831920902626578

398 LnG the Sneak (level 7, -11/37 HPs)
             Began as a Kobold Summoner on Nov 12, 2022.
             Mangled by an ogre
             ... wielding a +0 giant club
              (28 damage)
             ... on level 3 of the Dungeon.
             The game lasted 00:07:54 (3097 turns).

LnG the Sneak (Kobold Summoner)                     Turns: 3097, Time: 00:07:54

Health: -11/37     AC:  2    Str:  5    XL:     7   Next: 10%
Magic:  11/12      EV: 16    Int: 19    God:
Gold:   203        SH:  0    Dex: 15    Spells: 4/13 levels left

rFire   . . .      SeeInvis .    d - +0 dagger
rCold   . . .      Faith    .    (no shield)
rNeg    . . .      Spirit   .    a - +0 robe
rPois   .          Reflect  .    (no helmet)
rElec   .          Harm     .    (no cloak)
rCorr   .          Rampage  .    (no gloves)
Will    .....                    (no boots)
Stlth   ++++......               (no amulet)
HPRegen 0.26/turn                (no ring)
MPRegen 0.13/turn                (no ring)

@: no status effects
A: small, no large weapons, nightstalker 3
a: no special abilities


You were on level 3 of the Dungeon.
You visited 1 branch of the dungeon, and saw 3 of its levels.

You collected 203 gold pieces.

Inventory:

Hand Weapons
 d - a +0 dagger (weapon)
Armour
 a - a +0 robe (worn)
Wands
 o - a wand of flame (21)
 q - a wand of charming (4)
Scrolls
 c - 3 scrolls of magic mapping
 g - a scroll of enchant armour
 h - a scroll of brand weapon
 l - a scroll of immolation {unknown}
Potions
 b - a potion of magic
 e - a potion of flight {unknown}
 f - a potion of resistance {unknown}
 j - a potion of curing
 k - a potion of brilliance {unknown}
 m - 3 potions of heal wounds {unknown}
 n - a potion of ambrosia {unknown}
 p - a potion of cancellation {unknown}


   Skills:
 + Level 0.5 Fighting
 + Level 1.6 Short Blades
 * Level 4.1 Dodging
 * Level 6.3 Stealth
 + Level 3.5 Spellcasting
 + Level 5.1 Summonings


You had 4 spell levels left.
You knew the following spells:

 Your Spells              Type           Power      Damage    Failure   Level
a - Summon Small Mammal   Summ           88%        N/A       1%          1
b - Call Imp              Summ           22%        N/A       2%          2
c - Call Canine Familiar  Summ           22%        N/A       5%          3
d - Summon Guardian Gole  Hex/Summ       13%        N/A       16%         3

Your spell library contained the following spells:

 Spells                   Type           Power      Damage    Failure   Level
 Portal Projectile        Hex/Tloc       6%         N/A       41%         3
 Tukima's Dance           Hex            3%         N/A       41%         3
 Summon Lightning Spire   Summ/Air       13%        N/A       45%         4
 Blade Hands              Tmut           1%         N/A       99%         5


Dungeon Overview and Level Annotations

Branches:
Dungeon (3/15)

Altars:

Annotations:
D:3 Natasha


Innate Abilities, Weirdness & Mutations

You are small and have problems with some larger weapons.
You are completely attuned to the shadows.


Message History

You barely miss the goblin.
The goblin is severely wounded.
The goblin hits your guardian golem but does no damage.
The goblin hits you with a +0 dagger.
You hit the goblin.
You kill the goblin!
You hit the goblin but do no damage. The goblin hits you but does no damage.
The goblin unwields a +0 sling.
The goblin wields a +0 club.
The goblin hits your guardian golem but does no damage.
You hit the goblin.
The goblin is severely wounded.
The goblin barely misses you.
You hit the goblin.
You kill the goblin!
The goblin unwields a +0 club.
The goblin wields a +0 sling.
The goblin shoots a sling bullet.
The sling bullet completely misses you.
The goblin unwields a +0 sling.
The goblin wields a +0 club.
The goblin misses you.
Things that are here:
a +0 club; a +0 dagger; a goblin corpse You miss the goblin.
The goblin hits your guardian golem but does no damage.
You hit the goblin.
The goblin is heavily wounded.
The goblin hits your guardian golem but does no damage.
You barely miss the goblin.
The goblin is heavily wounded.
The goblin hits your guardian golem but does no damage.
You barely miss the goblin.
The goblin is heavily wounded.
The goblin hits your guardian golem with a +0 club.
You miss the goblin.
The goblin is heavily wounded.
You hit the goblin.
You kill the goblin!
You closely miss the ogre. The ogre hits you with a +0 giant club!
You swap places.
The ogre hits you with a +0 giant club!!
Ouch! That really hurt!
You die...

##.### #...(.
###...########.)...
#..................
#.#..##########.###
#.............#)#..
#...####.####.#.#.#
#.#..h.#.#....#.#..
#.####.#.#.####.###
#9@....#.#.........
#O######.##########
#gg................
#).#..##...#.##.#.#
##)##).....#.##.#..
#g.ยง###>...#.....##
#(gg# #[...#.....#
#(..# #.####.....#
##### #.####.#...##


You could see an ogre, a goblin (ally target) and a friendly guardian golem
(summoned).

Vanquished Creatures
  Natasha (twice) (D:3)
  An orc wizard (D:3)
  3 adders
  2 gnolls (D:3)
  3 worms
  A dart slug (D:2)
  4 orcs (D:3)
  7 ball pythons
  6 bats
  2 endoplasms
  6 giant cockroaches
  7 goblins
  A hobgoblin (D:1)
  A quokka (D:2)
  2 frilled lizards (D:2)
  A kobold (D:1)
  A rat (D:2)
50 creatures vanquished.

Vanquished Creatures (collateral kills)
  Sigmund (D:3)
  2 gnolls (D:3)
  2 adders (D:2)
  A worm (D:2)
  3 orcs (D:3)
  2 endoplasms
  A giant cockroach (D:1)
  4 goblins
  2 hobgoblins (D:2)
  2 ball pythons
  A bat (D:1)
  A frilled lizard (D:1)
  3 kobolds
  A rat (D:1)
26 creatures vanquished.

Grand Total: 76 creatures vanquished

Notes
Turn   | Place    | Note
-------+----------+-------------------------------------------
     0 | D:1      | LnG the Kobold Summoner began the quest for the Orb.
     0 | D:1      | Reached XP level 1. HP: 10/10 MP: 3/3
   273 | D:1      | Reached skill level 3 in Stealth
   273 | D:1      | Reached XP level 2. HP: 13/15 MP: 5/5
   276 | D:1      | Learned a level 2 spell: Call Imp
   693 | D:1      | Reached XP level 3. HP: 19/19 MP: 6/6
   702 | D:1      | Learned a level 3 spell: Call Canine Familiar
   715 | D:1      | Found a faded altar of an unknown god.
   916 | D:2      | Reached skill level 4 in Stealth
   977 | D:2      | Reached XP level 4. HP: 10/24 MP: 7/7
  1975 | D:3      | Reached XP level 5. HP: 28/28 MP: 9/9
  1979 | D:3      | Learned a level 3 spell: Summon Guardian Golem
  2036 | D:3      | Noticed Natasha
  2054 | D:3      | Killed Natasha
  2055 | D:3      | Reached skill level 1 in Short Blades
  2055 | D:3      | Reached skill level 5 in Stealth
  2110 | D:3      | Noticed Natasha
  2122 | D:3      | Killed Natasha
  2410 | D:3      | Reached XP level 6. HP: 24/32 MP: 5/10
  2506 | D:3      | Noticed Sigmund
  2529 | D:3      | Killed Sigmund
  2530 | D:3      | Reached skill level 6 in Stealth
  2530 | D:3      | Reached skill level 5 in Summonings
  2629 | D:3      | Reached XP level 7. HP: 37/37 MP: 12/12
  2718 | D:3      | Noticed Natasha
  3097 | D:3      | Mangled by an ogre

Illustrated notes

Levels and vault maps discovered:
D:1:      wander_arrival_estate, layout_rooms,
          hellmonk_ecumenical_altar_arch_garden
D:2:      layout_loops_ring, minmay_hexomino_f4
D:3:      layout_basic, roderic_lattice_a, minmay_ogre_servants, uniq_natasha,
          uniq_sigmund

Skill      XL: |  1  2  3  4  5  6  7 |
---------------+----------------------+-----
Stealth        | 3 4 5 6 |  6.3
Dodging        | 3 4 |  4.1
Short Blades   | 1 |  1.6
Spellcasting   | 3 |  3.5
Summonings     | 5 |  5.1
Fighting       | |  0.5

Action                   |  1- 3 |  4- 6 |  7- 9 || total
-------------------------+-------+-------+-------++-------
Melee: Unarmed           |    12 |       |       ||    12
       Dagger            |    49 |    63 |    46 ||   158
       Punch             |       |     1 |     1 ||     2
 Cast: Summon Small Mamm |    11 |     4 |       ||    15
       Call Imp          |     6 |     5 |     1 ||    12
       Call Canine Famil |     1 |     9 |     2 ||    12
       Summon Guardian G |       |       |     2 ||     2
  Use: Scroll            |       |     5 |       ||     5
 Stab: Sleeping          |     8 |    16 |       ||    24
       Distracted        |       |     1 |       ||     1
Armor: Robe              |     9 |     6 |     2 ||    17
Dodge: Dodged            |    62 |    52 |    23 ||   137

Table legend: (Time is in decaauts)
 A = Elapsed time spent in this place.
 B = Non-inter-level travel time spent in this place.
 C = Inter-level travel time spent in this place.
 D = Time resting spent in this place.
 E = Time spent auto-exploring this place.
 F = Levels seen in this place.
 G = Mean time per level.
                   A        B        C        D        E       F      G
               +--------+--------+--------+--------+--------+-----+--------+
         Total |   3088 |   2989 |     99 |    137 |   2173 |   3 | 1029.3 |
       Dungeon |   3088 |   2989 |     99 |    137 |   2173 |   3 | 1029.3 |
               +--------+--------+--------+--------+--------+-----+--------+

Top non-repeatable levels by time:
     D:3: 1338 daAuts
     D:2: 934 daAuts
     D:1: 815 daAuts
